 Dungeon Crawl Stone Soup version 0.25.1-2-g60ff931df9 (webtiles) character file.

Game seed: 1469031916668031575

239 Fortress the Chiller (level 5, -5/38 HPs)
             Began as a Draconian Ice Elementalist on Nov 24, 2020.
             Was an Initiate of Makhleb.
             Slain by a gnoll
             ... wielding a +0 halberd
              (14 damage)
             ... on level 4 of the Dungeon.
             The game lasted 00:08:51 (4081 turns).

Fortress the Chiller (Draconian Ice Elementalist)   Turns: 4081, Time: 00:08:53

Health: -5/38      AC:  5    Str: 10    XL:     5   Next: 79%
Magic:  5/11       EV: 12    Int: 17    God:    Makhleb [......]
Gold:   163        SH:  0    Dex: 11    Spells: 11/12 levels left

rFire    . . .     SeeInvis .   e - +0 short sword
rCold    . . .     Gourm    .   (no shield)
rNeg     . . .     Faith    .   (armour unavailable)
rPois    +         Spirit   .   (helmet restricted)
rElec    .         Reflect  .   (no cloak)
rCorr    .         Harm     .   (no gloves)
MR       .....                  (no boots)
Stlth    ++........             (no amulet)
HPRegen  0.12/turn              m - ring of poison resistance
MPRegen  0.12/turn              (no ring)

@: no status effects
A: unfitting armour, cold-blooded, AC +5
a: Renounce Religion


You were on level 4 of the Dungeon.
You worshipped Makhleb.
Makhleb was noncommittal.
You were not hungry.

You visited 2 branches of the dungeon, and saw 5 of its levels.

You collected 163 gold pieces.

Inventory:

Hand Weapons
 e - a +0 short sword (weapon)
Missiles
 i - 18 poisoned darts (quivered)
Jewellery
 m - a ring of poison resistance (left hand)
Scrolls
 c - 2 scrolls of identify
 d - a scroll of teleportation
 k - 2 scrolls of remove curse
Potions
 a - 6 potions of curing
 f - a potion of mutation {unknown}
 g - 2 potions of heal wounds {unknown}
 j - a potion of might {unknown}
 l - a potion of cancellation {unknown}
 o - a potion of lignification {unknown}
Comestibles
 b - 6 rations
 h - 4 chunks of flesh


   Skills:
 - Level 2.0 Dodging
 - Level 2.0 Stealth
 - Level 0.1 Unarmed Combat
 + Level 4.0 Spellcasting
 + Level 5.7 Ice Magic


You had 11 spell levels left.
You knew the following spells:

 Your Spells              Type           Power        Failure   Level  Hunger
a - Freeze                Ice            ###.         1%          1    None

Your spell library contained the following spells:

 Spells                   Type           Power        Failure   Level  Hunger
 Frozen Ramparts          Ice            ###...       4%          3    ###....
 Ozocubu's Armour         Chrm/Ice       ##......     14%         3    ###....
 Hailstorm                Conj/Ice       ##......     43%         4    ####...
 Summon Ice Beast         Ice/Summ       ##......     43%         4    ####...


Dungeon Overview and Level Annotations

Branches:
Dungeon (4/15)             Temple (1/1) D:4

Altars:
Cheibriados
Dithmenos
Elyvilon
Fedhas
Gozag
Kikubaaqudgha
Makhleb
Nemelex Xobeh
Okawaru
Qazlal
Ru
Sif Muna
Trog
Uskayaw
Vehumet
Wu Jian
Xom
Zin
The Shining One

Shops:
D:4 }


Innate Abilities, Weirdness & Mutations

Your plain brown scales are hard. (AC +5)
You cannot fit into any form of body armour.
You are cold-blooded and may be slowed by cold attacks.


Message History

Aiming: Freeze (safe; 1% risk of failure)
Press: ? - help, Shift-Dir - straight line, f/p - gnoll
Aim: a gnoll, wielding a +0 flail (almost dead)
You freeze the gnoll.
You kill the gnoll!
Makhleb accepts your kill. The gnoll closely misses you.
The gnoll hits you from afar with a +0 halberd.
Casting: Freeze (safe; 1% risk of failure)
Confirm with . or Enter, or press ? or * to list all spells.
Aiming: Freeze (safe; 1% risk of failure)
Press: ? - help, Shift-Dir - straight line, f - gnoll
Aim: a gnoll, wielding a +0 club You freeze the gnoll.
The gnoll is heavily wounded.
The gnoll hits you with a +0 club!
* * * LOW HITPOINT WARNING * * *
The gnoll closely misses you.
The gnoll hits you from afar with a +0 halberd!
You die...

..... #...........# .....
#...........# #....
#...........# .##+###
###.........# .#....#
#.........# .'....#
#.....#.#.# ÷#....# .
#......∩..# .#..###
....######.....#.#.#
##..#####.....g.@......##...#
#.......#......gg......######
#......#######.........#
#......# #.........#
#......#######.........#
'........≈≈≈...........#
######.#######.........######
##############......>.......#
........#....#..............#


You could see 3 gnolls.

Vanquished Creatures
  A crimson imp (D:4)
  An iguana (D:4)
  Natasha (twice) (D:3)
  A gnoll (D:4)
  6 adders
  A worm (D:3)
  2 leopard geckos
  3 giant cockroaches
  6 goblins
  6 hobgoblins
  5 jackals (D:4)
  7 kobolds
  2 quokkas (D:3)
  A ball python (D:1)
  8 bats
  2 frilled lizards
  11 rats
65 creatures vanquished.

Notes
Turn   | Place    | Note
-------+----------+-------------------------------------------
     0 | D:1      | Fortress the Draconian Ice Elementalist began the quest for
                  | the Orb.
     0 | D:1      | Reached XP level 1. HP: 14/14 MP: 3/3
   203 | D:1      | Reached XP level 2. HP: 20/20 MP: 3/5
   898 | D:2      | Found a sparkling altar of Nemelex Xobeh.
   924 | D:2      | Reached XP level 3. HP: 24/26 MP: 4/6
  1043 | D:2      | Found a sacrificial altar of Ru.
  1782 | D:2      | Found a glowing silver altar of Zin.
  2016 | D:3      | Noticed Natasha
  2290 | D:3      | Reached XP level 4. HP: 27/33 MP: 5/8
  2356 | D:3      | Killed Natasha
  2356 | D:3      | Reached skill level 5 in Ice Magic
  2970 | D:3      | Found a snail-covered altar of Cheibriados.
  2971 | D:3      | Found an iron altar of Okawaru.
  3050 | D:3      | Found a hazy altar of Hepliaklqana.
  3051 | D:3      | Noticed Natasha
  3052 | D:3      | Found a hazy altar of Hepliaklqana.
  3052 | D:3      | Found a white marble altar of Elyvilon.
  3054 | D:3      | Found a basalt altar of Yredelemnul.
  3054 | D:3      | Found a shimmering altar of Xom.
  3054 | D:3      | Found a burning altar of Makhleb.
  3058 | D:3      | Killed Natasha
  3058 | D:3      | Reached XP level 5. HP: 21/38 MP: 4/10
  3344 | D:4      | Found a staircase to the Ecumenical Temple.
  3353 | Temple   | Entered the Ecumenical Temple
  3498 | Temple   | Became a worshipper of Makhleb the Destroyer
  4054 | D:4      | Found Quili's Gadget Boutique.
  4081 | D:4      | Slain by a gnoll

Illustrated notes

Levels and vault maps discovered:
D:1:      sevenhm_arrival_forest_fort_small_5, layout_rooms,
          kennysheep_small_spiral
D:2:      layout_loops_corners, nemelex_xobeh_ov_fountains_minmay, zin_treasury,
          nicolae_ru_sacrificial_ziggurat, minmay_tromino_v7
D:3:      layout_basic, minitemple, chequers_serial_rivers_micro_d,
          roderic_lattice_a, minmay_crystal_water, doesnt_xom_only_xom,
          uniq_natasha
D:4:      layout_gridville, minmay_temple_entry_ruins, serial_shops,
          nicolae_shop_crystal, minmay_misc_feat_square, corexii_corridor_pit
Temple:   nicolae_temple_great_sept

Skill      XL: |  1  2  3  4  5 |
---------------+----------------+-----
Stealth        | 2 |  2.0
Dodging        | 2 |  2.0
Spellcasting   | 3 4 |  4.0
Ice Magic      | 5 |  5.7
Unarmed Combat | |  0.1

Action                   |  1- 3 |  4- 6 || total
-------------------------+-------+-------++-------
Melee: Unarmed           |    24 |       ||    24
       Tailslap          |     1 |       ||     1
       Short sword       |    11 |     5 ||    16
 Cast: Freeze            |    58 |    50 ||   108
  Use: Scroll            |       |     5 ||     5
 Stab: Sleeping          |     1 |     1 ||     2
  Eat: Chunk             |     5 |     5 ||    10
Armor: Skin              |    37 |     8 ||    45
Dodge: Dodged            |    75 |    24 ||    99
